 Dungeon Crawl Stone Soup version 0.31-a0-219-g8d62b2e7bb (webtiles) character file.

Game seed: 4555785789806313547

47 qw the Chopper (level 3, -4/23 HPs)
             Began as a Gargoyle Fighter on July 3, 2023.
             Killed by divine providence
             ... invoked by an orc priest
              (12 damage)
             ... on level 3 of the Dungeon.
             The game lasted 00:00:49 (1316 turns).

qw the Chopper (Gargoyle Fighter)                   Turns: 1316, Time: 00:00:49

Health: -4/23      AC: 10    Str: 21    XL:     3   Next: 70%
Magic:  3/3        EV:  9    Int:  8    God:
Gold:   23         SH:  4    Dex:  9    Spells: 2/2 levels left

rFire   . . .        Y - +0 war axe
rCold   . . .        c - +0 buckler
rNeg    + . .        b - +0 scale mail
rPois   inf          (no helmet)
rElec   +            (no cloak)
rCorr   .            (no gloves)
SInv    .            (no boots)
Will    .....        (no amulet) Stlth
                     (no ring)
HPRegen 0.23/turn    (no ring)
MPRegen 0.08/turn

%: no passive effects
@: no status effects
A: sickness immunity, AC +3, negative energy resistance 1, electricity
resistance, torment resistance 1, petrification resistance
a: no special abilities


You were on level 3 of the Dungeon.
You visited 1 branch of the dungeon, and saw 3 of its levels.

You collected 107 gold pieces.
You spent 84 gold pieces at shops.


Innate Abilities, Weirdness & Mutations

You are immune to sickness and miasma.
Your stone body is resilient. (AC +3)
You are immune to poison.
You resist negative energy. (rN+)
You are resistant to electric shocks. (rElec)
You are resistant to unholy torment.
You are immune to petrification.


   Skills:
 - Level 3.2 Fighting
 + Level 3.6 Axes
 - Level 3.2 Armour
 - Level 3.2 Shields


You had 2 spell levels left.
You didn't know any spells.
Your spell library was empty.

Inventory:

Hand Weapons
 e - a +0 club
 Y - a +0 war axe (weapon)
Armour
 b - a +0 scale mail (worn)
 c - a +0 buckler (worn)
Scrolls
 k - a scroll of identify
Potions
 d - 2 potions of might
 f - a potion of enlightenment
 g - a potion of lignification
 h - a potion of curing
 j - a potion of magic {unknown}
 m - a potion of haste {unknown}

Dungeon Overview and Level Annotations

Branches:
Dungeon (3/15)

Altars:
Hepliaklqana

Shops:
D:2 :??:?

Annotations:
D:2 2 transporters


Message History

You block the orc's attack.
1305 ||| Stepping ~*~*~tactically~*~*~ (hiding).
The orc barely misses you.
You slash the orc!
You kill the orc!
An orc comes into view. It is wielding a +0 mace.
The orc shouts!
You hit the orc.
The orc is heavily wounded.
The orc priest calls upon Beogh to heal the orc.
The orc's wounds heal themselves!
The orc hits you but does no damage.
You slash the orc!
You kill the orc!
The orc priest begins to cast a cantrip, but forgets the words!
The orc priest barely misses you.
Items here: %% )).
You slash the orc priest!
The orc priest is severely wounded.
The orc priest hits you but does no damage.
You closely miss the orc priest.
The orc priest is severely wounded.
The orc priest completely misses you.
You closely miss the orc priest.
The orc priest is severely wounded.
The orc priest hits you but does no damage. x2
You closely miss the orc priest.
The orc priest is severely wounded.
The orc priest hits you with a +0 whip.
You closely miss the orc priest.
The orc priest is severely wounded.
The orc priest mumbles some strange prayers to Beogh against you.
Beogh smites you!
Ouch! That really hurt!
You hit the orc priest.
The orc priest is severely wounded.
The orc priest looks satisfied for a moment.
The orc priest mumbles some strange prayers to Beogh against you.
Beogh smites you!
Ouch! That really hurt!
You die...

#.# #.#
#.# #.#
#.# #.####
.#.#
#....#
P.###
####.#
.P.# #.#
_.P.# #.#
....$#
########.#
#..".oo@.#
#.########


You could see an orc priest and an orc.

Vanquished Creatures
  2 orcs (D:3)
  5 ball pythons
  6 endoplasms
  3 giant cockroaches
  4 goblins (D:1)
  7 hobgoblins
  4 kobolds
  2 bats
  3 frilled lizards (D:2)
  2 rats (D:1)
38 creatures vanquished.

Notes
Turn   | Place    | Note
-------+----------+-------------------------------------------
     0 | D:1      | qw the Gargoyle Fighter began the quest for the Orb.
     0 | D:1      | Reached XP level 1. HP: 14/14 MP: 1/1
     0 | D:1      | 0 ||| qw: Version: 0.3-a-40-ge99b1a8
     0 | D:1      | 0 ||| qw: Game counter: 397
     0 | D:1      | 0 ||| qw: Melee chars always use a shield: true
     0 | D:1      | 0 ||| qw: God list: Okawaru
     0 | D:1      | 0 ||| qw: Allow faded altars: false
     0 | D:1      | 0 ||| qw: Do Orc after clearing Dungeon:15 true
     0 | D:1      | 0 ||| qw: Do second Lair branch before Depths: true
     0 | D:1      | 0 ||| qw: Lair rune preference: random
     0 | D:1      | 0 ||| qw: Goals: Normal, Zot:1-4, Slime:5, God:TSO, Crypt,
                  | Tomb, Abyss, Pan, Hells, Win
     0 | D:1      | 0 ||| PLANNING D:1-11
    82 | D:1      | 82 ||| Stepping ~*~*~tactically~*~*~ (stealth).
    86 | D:1      | 86 ||| Stepping ~*~*~tactically~*~*~ (stealth).
    91 | D:1      | 91 ||| Stepping ~*~*~tactically~*~*~ (stealth).
   153 | D:1      | 153 ||| Stepping ~*~*~tactically~*~*~ (stealth).
   155 | D:1      | 155 ||| Stepping ~*~*~tactically~*~*~ (stealth).
   159 | D:1      | Reached XP level 2. HP: 19/19 MP: 2/2
   182 | D:1      | Found a faded altar of an unknown god.
   358 | D:1      | 358 ||| Stepping ~*~*~tactically~*~*~ (water).
   461 | D:1      | Reached skill level 3 in Axes
   498 | D:1      | Reached XP level 3. HP: 23/23 MP: 3/3
   504 | D:1      | 504 ||| Stepping ~*~*~tactically~*~*~ (stealth).
   508 | D:1      | 508 ||| Stepping ~*~*~tactically~*~*~ (stealth).
   509 | D:1      | 509 ||| Stepping ~*~*~tactically~*~*~ (stealth).
   685 | D:2      | Found a transporter.
   685 | D:2      | Found Kyzipp's Magic Scroll Boutique.
   718 | D:2      | Found a transporter.
   732 | D:2      | Found Gyurr's Book Shop.
   745 | D:2      | 745 ||| READING scroll labelled DOTATTEDOSS.
   793 | D:2      | Found Roafux's Magic Scroll Emporium.
   797 | D:2      | 797 ||| BUYING 3 scrolls of identify (84 gold).
   797 | D:2      | Bought 3 scrolls of identify for 84 gold pieces
   797 | D:2      | 797 ||| SHOPLISTING scroll of enchant weapon (105 gold,
                  | have 0).
   797 | D:2      | 797 ||| SHOPLISTING scroll of identify (28 gold, have 0).
   956 | D:2      | Found Ceirphesyn's Magic Scroll Emporium.
   965 | D:2      | 965 ||| SHOPLISTING scroll of identify (28 gold, have 7).
   965 | D:2      | 965 ||| SHOPLISTING scroll of teleportation (42 gold, have
                  | 7).
  1002 | D:2      | Found Mazxuex's Book Shop.
  1235 | D:2      | 1235 ||| DROPPING amulet of magic regeneration.
  1236 | D:2      | 1236 ||| READING scroll labelled DUZAH CEGES.
  1237 | D:2      | 1237 ||| READING scroll labelled EGEOFI JUSOA.
  1241 | D:2      | 1241 ||| READING 4 scrolls of identify.
  1241 | D:2      | 1241 ||| IDENTIFYING orange potion
  1242 | D:2      | 1242 ||| READING 3 scrolls of identify.
  1242 | D:2      | 1242 ||| IDENTIFYING ruby potion
  1243 | D:2      | 1243 ||| READING 2 scrolls of identify.
  1243 | D:2      | 1243 ||| IDENTIFYING viscous puce potion
  1272 | D:3      | Found a hazy altar of Hepliaklqana.
  1303 | D:3      | 1303 ||| Stepping ~*~*~tactically~*~*~ (stealth).
  1305 | D:3      | 1305 ||| Stepping ~*~*~tactically~*~*~ (hiding).
  1316 | D:3      | Killed from afar by an orc priest

Levels and vault maps discovered:
D:1:      nagdon_arrival_double_spiral, layout_rooms,
          ebering_ecumenical_altar_petrified, st_stairs_10, serial_bayou_ford_a,
          chequers_serial_rivers_micro_b
D:2:      layout_basic, serial_shops, nicolae_diamond_shop, shop,
          nicolae_shop_drivethru, nicolae_shop_behind_doors, shop,
          kennysheep_big_empty_room
D:3:      layout_loops_ring, marbit_many_paths, mainiacjoe_overflow_alcove_4

Skill      XL: |  1  2 |
---------------+-------+-----
Axes           | 2 3 |  3.6
Fighting       | |  3.2
Armour         | |  3.2
Shields        | |  3.2

Action                     || total
---------------------------++-------
  Melee: War axe           ||   100
    Use: Scroll            ||     6
 Armour: Scale mail        ||    41
  Dodge: Dodged            ||    49
  Block: Buckler           ||    12

Table legend:
 A = Non-vault XP
 B = Vault XP
 C = Vault XP percentage of total XP
 D = Non-vault monster count
 E = Vault monster count
 F = Vault count percentage of total count
                 A         B        C        D         E       F
            +---------+---------+-------+---------+---------+-------
      Total |      63 |       5 |   7.4 |      35 |       3 |   7.9
            +---------+---------+-------+---------+---------+-------
        D:1 |      37 |       5 |  11.9 |      20 |       3 |  13.0
        D:2 |      20 |       0 |   0.0 |      13 |       0 |   0.0
        D:3 |       6 |       0 |   0.0 |       2 |       0 |   0.0
            +---------+---------+-------+---------+---------+-------
